 Dungeon Crawl Stone Soup version 0.30-a0-223-gcb0039aa0c (webtiles) character file.

Game seed: 9751117518350458112

1448 qw the Cleaver (level 8, -3/52 HPs)
             Began as a Gargoyle Fighter on Oct 9, 2022.
             Slain by a gnoll sergeant
             ... wielding a +0 spear
              (8 damage)
             ... on level 7 of the Dungeon.
             The game lasted 00:01:56 (4782 turns).

qw the Cleaver (Gargoyle Fighter)                   Turns: 4782, Time: 00:01:56

Health: -3/52      AC: 21    Str: 21    XL:     8   Next: 75%
Magic:  8/8        EV:  7    Int: 10    God:
Gold:   779        SH:  4    Dex:  9    Spells: 7/7 levels left

rFire   . . .      SeeInvis .    Y - +1 war axe
rCold   + . .      Faith    .    c - +0 buckler
rNeg    + . .      Spirit   .    g - +0 chain mail
rPois   inf        Reflect  .    (no helmet)
rElec   +          Harm     .    (no cloak)
rCorr   .          Rampage  .    m - +1 pair of gloves
Will    .....                    (no boots)
Stlth   ..........               (no amulet)
HPRegen 0.28/turn                h - +4 ring of protection
MPRegen 0.11/turn                f - ring of protection from cold

@: no status effects
A: sickness immunity, AC +5, negative energy resistance 1, electricity
resistance, torment resistance 1, petrification resistance
a: no special abilities


You were on level 7 of the Dungeon.
You visited 2 branches of the dungeon, and saw 8 of its levels.

You collected 902 gold pieces.
You spent 123 gold pieces at shops.


Innate Abilities, Weirdness & Mutations

You are immune to sickness and miasma.
Your stone body is resilient. (AC +5)
You are immune to poison.
You resist negative energy. (rN+)
You are resistant to electric shocks. (rElec)
You are resistant to unholy torment.
You are immune to petrification.


   Skills:
 - Level 6.4 Fighting
 + Level 8.1 Axes
 - Level 1.0 Throwing
 - Level 4.2 Armour
 - Level 1.0 Dodging
 - Level 3.2 Shields


You had 7 spell levels left.
You didn't know any spells.
Your spell library was empty.

Inventory:

Hand Weapons
 u - a +0 flail
 Y - a +1 war axe (weapon)
Missiles
 i - a boomerang (quivered)
Armour
 c - a +0 buckler (worn)
 g - a +0 chain mail (worn)
 m - a +1 pair of gloves (worn)
Jewellery
 e - a ring of fire
 f - a ring of protection from cold (right hand)
 h - a +4 ring of protection (left hand)
 p - a +6 ring of dexterity
Scrolls
 a - a scroll of identify
Potions
 b - a potion of haste
 d - 3 potions of might
 j - a potion of lignification
 n - a potion of curing
 q - a potion of ambrosia {unknown}
 s - a potion of attraction {unknown}

Dungeon Overview and Level Annotations

Branches:
Dungeon (7/15)             Temple (1/1) D:5

Altars:
Ashenzari
Cheibriados
Dithmenos
Elyvilon
Fedhas
Gozag
Kikubaaqudgha
Qazlal
Ru
Sif Muna
Uskayaw
Vehumet
Wu Jian
Xom
Yredelemnul
Zin
The Shining One

Shops:
D:2 *

Annotations:
D:5 Edmund


Message History

You hit the centaur but do no damage.
The centaur is heavily wounded.
The centaur hits you but does no damage.
The centaur kicks you but does no damage.
The gnoll sergeant hits you but does no damage.
You hit the centaur but do no damage.
The centaur is heavily wounded.
The centaur hits you but does no damage.
The centaur kicks you but does no damage.
The centaur closely misses you. You block the centaur's attack.
The gnoll sergeant hits you from afar with a +0 spear.
You slash the centaur!
You kill the centaur!
The gnoll sergeant barely misses you.
Your Armour skill increases to level 4!
You completely miss the ice beast.
The gnoll sergeant completely misses you.
You block the ice beast's attack.
You hit the ice beast.
The ice beast is moderately wounded.
The gnoll sergeant hits you but does no damage.
The ice beast hits you but does no damage.
You closely miss the ice beast.
The ice beast is moderately wounded.
You are no longer corroded.
The gnoll sergeant hits you from afar with a +0 spear.
The ice beast hits you but does no damage.
You hit the ice beast.
The ice beast is moderately wounded.
The gnoll sergeant barely misses you. The ice beast closely misses you.
You hit the ice beast.
The ice beast is heavily wounded.
The gnoll sergeant hits you but does no damage.
The ice beast hits you but does no damage.
The gnoll sergeant hits you but does no damage.
The ice beast barely misses you.
You slash the ice beast!
You kill the ice beast!
The gnoll sergeant hits you from afar with a +0 spear!
You die...

#...# #...# #...###
#+# # ### ...#..... #
#. ..# ..#.#.#
#.#?##.# #.#...
#......# #.#.#.#.#/
#..<.## #.@)g..?..
#......#..###.#)#.#.#.
.##.##.##..##.#... #
#. ##....#.#.# #.
##.#.#..... #.
#.#.#####+# #.
#.......... ..
##......... ##########


You could see a gnoll sergeant.

Vanquished Creatures
  2 wyverns (D:7)
  A water moccasin (D:7)
  An ice beast (D:7)
  A sky beast (D:7)
  A black bear (D:6)
  3 centaurs
  A scorpion (D:4)
  4 jellies
  2 orc priests
  A hound (D:4)
  4 iguanas
  Ijyb (D:3)
  2 orc wizards
  8 adders
  An ufetubus (D:6)
  A worm (D:4)
  4 dart slugs
  13 orcs
  4 ball pythons
  A bat zombie (D:6)
  8 endoplasms
  A giant cockroach (D:1)
  11 goblins
  10 hobgoblins
  7 jackals
  3 kobolds
  3 quokkas
  10 bats
  5 frilled lizards
  6 rats
  A rat zombie (D:6)
121 creatures vanquished.

Vanquished Creatures (others)
  6 plants (D:2)
6 creatures vanquished.

Grand Total: 127 creatures vanquished

Notes
Turn   | Place    | Note
-------+----------+-------------------------------------------
     0 | D:1      | qw the Gargoyle Fighter began the quest for the Orb.
     0 | D:1      | Reached XP level 1. HP: 14/14 MP: 1/1
     0 | D:1      | 0 ||| qw: Version: 0.2-a-17-g06abaee
     0 | D:1      | 0 ||| qw: Game counter: 2255
     0 | D:1      | 0 ||| qw: Always use a shield: true
     0 | D:1      | 0 ||| qw: God list: Okawaru
     0 | D:1      | 0 ||| qw: Allow faded altars: false
     0 | D:1      | 0 ||| qw: Do Orc after D:15 true
     0 | D:1      | 0 ||| qw: Do second Lair branch before Depths: true
     0 | D:1      | 0 ||| qw: Lair rune preference: random
     0 | D:1      | 0 ||| qw: Plans: Normal, Zot:1-4, God:TSO, Crypt, Tomb,
                  | Pan, Slime:5, Hells, Abyss, Orb
     0 | D:1      | 0 ||| PLANNING D:1-11
    16 | D:1      | Reached skill level 2 in Axes
    68 | D:1      | Reached XP level 2. HP: 19/19 MP: 2/2
    84 | D:1      | 84 ||| Stepping ~*~*~tactically~*~*~ (stealth).
    86 | D:1      | 86 ||| Stepping ~*~*~tactically~*~*~ (stealth).
    88 | D:1      | 88 ||| Stepping ~*~*~tactically~*~*~ (stealth).
    95 | D:1      | 95 ||| Stepping ~*~*~tactically~*~*~ (stealth).
    98 | D:1      | 98 ||| Stepping ~*~*~tactically~*~*~ (stealth).
   105 | D:1      | 105 ||| Stepping ~*~*~tactically~*~*~ (stealth).
   145 | D:1      | Reached skill level 3 in Axes
   266 | D:1      | Reached XP level 3. HP: 23/23 MP: 3/3
   524 | D:1      | You fall into a shaft and drop 1 floor!
   540 | D:2      | 540 ||| DROPPING scarf of shadows.
   541 | D:2      | 541 ||| UPGRADING to +4 ring of protection.
   542 | D:2      | 542 ||| UPGRADING to +6 ring of dexterity.
   543 | D:2      | 543 ||| READING scroll labelled UCSEOG ZEAQU.
   544 | D:2      | 544 ||| READING scroll labelled SEFFUH UTZAIRU.
   549 | D:2      | 549 ||| READING scroll labelled OJALITT UMINO.
   550 | D:2      | 550 ||| READING scroll labelled POIDDE WOMI.
  1153 | D:2      | Reached skill level 1 in Dodging
  1162 | D:2      | 1162 ||| Stepping ~*~*~tactically~*~*~ (stealth).
  1198 | D:2      | Reached XP level 4. HP: 28/28 MP: 4/4
  1256 | D:2      | Identified the +3 dagger "Dozugeb" {vorpal, Fragile rElec
                  | rF+ rN+ Dex+6}
  1399 | D:2      | Found Ebryum's Assorted Antiques.
  1407 | D:2      | 1407 ||| BUYING amethyst potion (20 gold).
  1407 | D:2      | Bought an amethyst potion for 20 gold pieces
  1407 | D:2      | 1407 ||| BUYING pair of gloves (103 gold).
  1407 | D:2      | Bought a pair of gloves for 103 gold pieces
  1407 | D:2      | 1407 ||| SHOPLISTING plate armour (529 gold, have 20).
  1407 | D:2      | 1407 ||| SHOPLISTING scroll labelled GIADOE VAZO (23 gold,
                  | have 20).
  1407 | D:2      | 1407 ||| SHOPLISTING scroll labelled TEM JEETHAW (23 gold,
                  | have 20).
  1407 | D:2      | 1407 ||| SHOPLISTING scroll of identify (46 gold, have 20).
  1407 | D:2      | 1407 ||| SHOPLISTING shadow dragon scales (1840 gold, have
                  | 20).
  1732 | D:2      | 1732 ||| UPGRADING to +0 chain mail.
  1742 | D:2      | 1742 ||| DROPPING +0 scale mail.
  1743 | D:2      | 1743 ||| UPGRADING to +0 pair of gloves.
  1748 | D:2      | 1748 ||| READING scroll labelled WIXEZA QUINN.
  1863 | D:3      | Reached skill level 4 in Axes
  1865 | D:3      | Noticed Ijyb
  1866 | D:3      | 1866 ||| Stepping ~*~*~tactically~*~*~ (hiding).
  1877 | D:3      | Killed Ijyb
  1878 | D:3      | Reached XP level 5. HP: 22/32 MP: 5/5
  2164 | D:3      | Found a radiant altar of Vehumet.
  2172 | D:3      | Found a hide-covered altar of Uskayaw.
  2312 | D:3      | 2312 ||| Stepping ~*~*~tactically~*~*~ (stealth).
  2313 | D:3      | 2313 ||| Stepping ~*~*~tactically~*~*~ (stealth).
  2368 | D:3      | 2368 ||| READING scroll labelled SEW EKOSAKEDOI.
  2368 | D:3      | Identified a scroll of acquirement
  2368 | D:3      | 2368 ||| ACQUIRING 542 gold pieces
  2368 | D:3      | Acquired 542 gold pieces
  2370 | D:3      | 2370 ||| READING 2 scrolls labelled BYDEPH NEAPLAI.
  2371 | D:3      | 2371 ||| DRINKING 2 cyan potions.
  2372 | D:3      | 2372 ||| READING 3 scrolls of identify.
  2372 | D:3      | 2372 ||| IDENTIFYING ruby potion
  2373 | D:3      | 2373 ||| READING 2 scrolls of identify.
  2373 | D:3      | 2373 ||| IDENTIFYING clear potion
  2374 | D:3      | 2374 ||| DROPPING potion of invisibility.
  2375 | D:3      | 2375 ||| DROPPING scroll of immolation.
  2419 | D:4      | Reached skill level 5 in Axes
  2419 | D:4      | Reached XP level 6. HP: 21/37 MP: 6/6
  2635 | D:4      | Found a glowing silver altar of Zin.
  2635 | D:4      | Found an opulent altar of Gozag.
  2636 | D:4      | 2636 ||| Stepping ~*~*~tactically~*~*~ (hiding).
  2681 | D:4      | 2681 ||| Stepping ~*~*~tactically~*~*~ (stealth).
  2690 | D:4      | 2690 ||| READING scroll of enchant armour.
  2690 | D:4      | 2690 ||| ENCHANTING +0 pair of gloves.
  2710 | D:4      | Identified the +9 long sword "Buhios" {speed, *Corrode
                  | rElec rPois Dex+4}
  2753 | D:4      | 2753 ||| Stepping ~*~*~tactically~*~*~ (hiding).
  2755 | D:4      | 2755 ||| Stepping ~*~*~tactically~*~*~ (hiding).
  2756 | D:4      | 2756 ||| Stepping ~*~*~tactically~*~*~ (hiding).
  2757 | D:4      | 2757 ||| Stepping ~*~*~tactically~*~*~ (hiding).
  2758 | D:4      | 2758 ||| Stepping ~*~*~tactically~*~*~ (hiding).
  2759 | D:4      | 2759 ||| Stepping ~*~*~tactically~*~*~ (hiding).
  2893 | D:4      | 2893 ||| DROPPING +0 mace.
  3017 | D:4      | 3017 ||| READING scroll labelled EBIOFI DIULY.
  3118 | D:4      | 3118 ||| READING scroll labelled LOMAATTEUC.
  3119 | D:4      | 3119 ||| READING scroll labelled DOOZXY YDED.
  3120 | D:4      | 3120 ||| READING scroll labelled TEM JEETHAW.
  3121 | D:4      | 3121 ||| DRINKING 2 amethyst potions.
  3152 | D:4      | 3152 ||| DRINKING 2 bubbling red potions.
  3153 | D:4      | 3153 ||| READING 2 scrolls of identify.
  3153 | D:4      | 3153 ||| IDENTIFYING blue potion
  3154 | D:4      | 3154 ||| DROPPING potion of magic.
  3166 | D:5      | Entered Level 5 of the Dungeon
  3179 | D:5      | Found a shimmering blue altar of Sif Muna.
  3366 | D:5      | Found a staircase to the Ecumenical Temple.
  3367 | D:5      | 3367 ||| PLANNING TEMPLE
  3374 | Temple   | Entered the Ecumenical Temple
  3449 | Temple   | 3449 ||| PLANNING D:1-11
  3614 | D:5      | Found a shadowy altar of Dithmenos.
  3680 | D:5      | 3680 ||| Stepping ~*~*~tactically~*~*~ (stealth).
  3728 | D:5      | Found a broken altar of Ashenzari.
  3729 | D:5      | Found a glowing golden altar of the Shining One.
  3814 | D:5      | Found a blossoming altar of Fedhas.
  3953 | D:5      | 3953 ||| READING 2 scrolls of identify.
  3953 | D:5      | 3953 ||| IDENTIFYING bubbling clear potion
  3954 | D:5      | 3954 ||| DROPPING potion of degeneration.
  3963 | D:6      | Noticed Edmund
  3964 | D:6      | 3964 ||| STAIRDANCE
  3969 | D:5      | Reached skill level 6 in Axes
  3985 | D:6      | 3985 ||| STAIRDANCE
  4006 | D:6      | 4006 ||| STAIRDANCE
  4012 | D:5      | HP: 2/38 [Edmund/+5 dire flail of venom (13)]
  4013 | D:5      | 4013 ||| READING scroll of teleportation.
  4014 | D:5      | 4014 ||| DRINKING potion of heal wounds.
  4063 | D:6      | Reached XP level 7. HP: 42/43 MP: 7/7
  4236 | D:6      | 4236 ||| Stepping ~*~*~tactically~*~*~ (stealth).
  4248 | D:6      | Reached skill level 7 in Axes
  4253 | D:6      | 4253 ||| Stepping ~*~*~tactically~*~*~ (stealth).
  4254 | D:6      | 4254 ||| Stepping ~*~*~tactically~*~*~ (stealth).
  4412 | D:6      | Reached skill level 1 in Throwing
  4597 | D:6      | Found an ancient bone altar of Kikubaaqudgha.
  4716 | D:6      | 4716 ||| DROPPING scarf of invisibility.
  4717 | D:6      | 4717 ||| UPGRADING to ring of protection from cold.
  4719 | D:6      | 4719 ||| READING scroll labelled JIYSHI REGUUNI.
  4741 | D:7      | Noticed a wyvern
  4742 | D:7      | Noticed a wyvern
  4747 | D:7      | Reached XP level 8. HP: 46/49 MP: 8/8
  4752 | D:7      | Killed a wyvern
  4755 | D:7      | HP: 9/49 [water moccasin (4)]
  4756 | D:7      | 4756 ||| DRINKING potion of heal wounds.
  4760 | D:7      | Reached skill level 8 in Axes
  4765 | D:7      | Killed a wyvern
  4767 | D:7      | Reached skill level 6 in Fighting
  4770 | D:7      | HP: 12/52 [centaur (3)]
  4775 | D:7      | HP: 6/52 [gnoll sergeant/+0 spear (1)]
  4782 | D:7      | Slain by a gnoll sergeant

Levels and vault maps discovered:
D:1:      amcnicky_arrival_blooded_trapdoor, layout_loops_ring,
          minmay_misc_feat_pillars
D:2:      layout_loops_ring, serial_shops, nicolae_shop_waterfront,
          serial_forest, infiniplex_forest_clump_long,
          infiniplex_forest_corner_1, infiniplex_forest_straight_1,
          infiniplex_forest_corner_2, infiniplex_forest_lined_1,
          infiniplex_forest_side_room, infiniplex_forest_clump_medium,
          chequers_garden, guppyfry_early_orc_mine
D:3:      layout_rooms, mainiacjoe_overflow_big_doors, uniq_ijyb
D:4:      layout_rooms, grunt_temple_overflow_gold_and_silver
D:5:      layout_loops_ring, mainiacjoe_overflow_tiny_flanked, fedhas_altar_1,
          minitemple, minmay_temple_entry_statues_pillars
D:6:      layout_loops_cross, lemuel_zombie_altar_kikubaaqudgha, uniq_edmund
D:7:      layout_basic, hellmonk_bongcloud_opening, minmay_the_grid_2x2
          [minmay_the_grid_small_cups, minmay_the_grid_minigrid_small,
          minmay_the_grid_x, minmay_the_grid_prize_trominoes]
Temple:   nicolae_temple_great_sept

Skill      XL: |  1  2  3  4  5  6  7  8 |
---------------+-------------------------+-----
Axes           | 2 3 4 5 6 7 8 |  8.1
Dodging        | 1 |  1.0
Fighting       | 4 5 6 |  6.4
Throwing       | 1 |  1.0
Armour         | 4 |  4.2
Shields        | |  3.2

Action                   |  1- 3 |  4- 6 |  7- 9 || total
-------------------------+-------+-------+-------++-------
Melee: War axe           |   131 |   166 |    85 ||   382
Throw: Boomerang         |       |    40 |    15 ||    55
  Use: Scroll            |     4 |    13 |     1 ||    18
       Potion            |       |     4 |     1 ||     5
Armor: Scale mail        |    71 |    17 |       ||    88
       Chain mail        |       |   106 |   123 ||   229
Dodge: Dodged            |    63 |    47 |    60 ||   170
Block: Buckler           |    31 |    28 |    33 ||    92

Table legend:
 A = Non-vault XP
 B = Vault XP
 C = Vault XP percentage of total XP
 D = Non-vault monster count
 E = Vault monster count
 F = Vault count percentage of total count
                 A         B        C        D         E       F
            +---------+---------+-------+---------+---------+-------
      Total |    1127 |    1071 |  48.7 |     103 |      18 |  14.9
            +---------+---------+-------+---------+---------+-------
        D:1 |      58 |       0 |   0.0 |      35 |       0 |   0.0
        D:2 |      47 |      16 |  25.4 |      20 |       7 |  25.9
        D:3 |      41 |      36 |  46.8 |      10 |       1 |   9.1
        D:4 |     217 |       0 |   0.0 |      13 |       0 |   0.0
        D:5 |     193 |       0 |   0.0 |      12 |       0 |   0.0
        D:6 |     571 |       3 |   0.5 |      13 |       2 |  13.3
        D:7 |       0 |    1016 | 100.0 |       0 |       8 | 100.0
            +---------+---------+-------+---------+---------+-------
